 Dungeon Crawl Stone Soup version 0.30-a0-377-g5cb311bc9f (webtiles) character file.

Game seed: 6003938969866306684

366 Twinkles the Sneak (level 6, 0/32 HPs)
             Began as a Vine Stalker Brigand on Nov 28, 2022.
             Was a Follower of Uskayaw.
             Slain by an orc
             ... wielding a +0 club
              (1 damage)
             ... on level 4 of the Dungeon.
             The game lasted 00:17:36 (3145 turns).

Twinkles the Sneak (Vine Stalker Brigand)           Turns: 3145, Time: 00:17:37

Health: 0/32       AC:  3    Str: 14    XL:     6   Next: 68%
Magic:  0/16       EV: 12    Int: 14    God:    Uskayaw [*.....]
Gold:   238        SH:  4    Dex: 17    Spells: 5/5 levels left

rFire   . . .      SeeInvis +    j - +3 dagger
rCold   . . .      Faith    .    h - +0 buckler
rNeg    . . .      Spirit   +    b - +0 robe
rPois   +          Reflect  .    (no helmet)
rElec   .          Harm     .    c - +0 cloak
rCorr   .          Rampage  .    (no gloves)
Will    +....                    (no boots)
Stlth   +++.......               y - amulet of Ketumeumi {RegenMP Will+ Int+3 SInv}
HPRegen 1.05/turn                i - ring of poison resistance
MPRegen 0.55/turn                x - ring of magical power

@: no status effects
A: fangs 2, regeneration 1, magic shield, antimagic bite, no potion heal 2
a: Renounce Religion, Stomp


You were on level 4 of the Dungeon.
You worshipped Uskayaw.
Uskayaw was noncommittal.
You visited 2 branches of the dungeon, and saw 5 of its levels.

You collected 238 gold pieces.

Inventory:

Hand Weapons
 j - a +3 dagger (weapon)
Missiles
 d - 16 poisoned darts (quivered)
 e - 3 curare-tipped darts
 B - 4 javelins
Armour
 b - a +0 robe (worn)
 c - a +0 cloak (worn)
 h - a +0 buckler (worn)
Magical Staves
 a - a staff of air
Jewellery
 i - a ring of poison resistance (left hand)
 x - a ring of magical power (right hand)
 y - the amulet of Ketumeumi (around neck) {RegenMP Will+ Int+3 SInv}
   (You found it on level 3 of the Dungeon)

   [amulet of magic regeneration]

   It increases your rate of magic regeneration.
   Int:       It affects your intelligence (+3).
   SInv:      It lets you see invisible.
   Will:      It increases your willpower.
Scrolls
 f - a scroll of fear {unknown}
 g - a scroll of butterflies {unknown}
 k - a scroll of teleportation {unknown}
 n - a scroll of poison
 o - a scroll of torment {unknown}
 p - a scroll of identify {unknown}
 q - 2 scrolls of enchant armour {unknown}
 t - a scroll of amnesia {unknown}
 w - 2 scrolls of blinking {unknown}
 C - a scroll of magic mapping {unknown}
 E - 2 scrolls of brand weapon {unknown}
Potions
 l - 2 potions of berserk rage {unknown}
 m - a potion of curing {unknown}
 r - a potion of lignification {unknown}
 s - 2 potions of mutation {unknown}
 u - a potion of resistance {unknown}
 v - a potion of attraction {unknown}
 z - a potion of haste {unknown}
 A - 2 potions of invisibility {unknown}
 D - a potion of flight {unknown}


   Skills:
 + Level 3.1 Fighting
 + Level 3.1 Short Blades
 + Level 3.2 Throwing
 + Level 2.3 Dodging
 + Level 6.1 Stealth
 + Level 0.5 Invocations


You had 5 spell levels left.
You didn't know any spells.
Your spell library was empty.

Dungeon Overview and Level Annotations

Branches:
Dungeon (4/15) Zot: 20964  Temple (1/1) D:4 Zot: 5910

Altars:
Ashenzari
Cheibriados
Dithmenos
Elyvilon
Nemelex Xobeh
Okawaru
Qazlal
Ru
Sif Muna
Trog
Uskayaw
Vehumet
Wu Jian
Yredelemnul
Zin
The Shining One


Innate Abilities, Weirdness & Mutations

You have extremely sharp teeth.
Your natural rate of healing is unusually fast.
When hurt, damage is shared between your health and your magic reserves.
Your bite disrupts and absorbs the magic of your enemies.
Potions cannot restore your health.


Message History

Uskayaw prepares the audience for your solo!
The helpless jelly fails to defend itself.
You spit the jelly like a pig!!!
You kill the jelly!
The orc is no longer paralysed.
The orc priest is no longer paralysed.
The orc is no longer paralysed.
The orc attacks as you move away! The orc closely misses you.
The orc attacks as you move away! The orc hits you with a +0 club.
The orc attacks as you move away! The orc hits you with a +0 club.
You can no longer pass through a line of other dancers.
The orc attacks as you move away! The orc hits you with a +0 club.
* * * LOW HITPOINT WARNING * * *
You hit the orc but do no damage. Your bite misses the orc.
You are no longer corroded.
The orc hits you with a +0 club. The orc attacks as you move away!
The orc completely misses you. The orc attacks as you move away!
The orc barely misses you.
The orc priest invokes the aid of Beogh against you.
Pain shoots through your body!
* * * LOW HITPOINT WARNING * * *
Okay, then.
Unknown command.
You hit the orc priest.
The orc priest is moderately wounded.
The orc hits you but does no damage. The orc priest hits you with a +0 club.
* * * LOW HITPOINT WARNING * * *
Okay, then.
Unknown command.
Okay, then.
Unknown command.
You hit the orc priest.
The orc priest is moderately wounded.
The orc barely misses you.
The orc priest calls down the wrath of Beogh upon you.
Beogh smites you!
* * * LOW HITPOINT WARNING * * *
Okay, then.
Unknown command.
The orc attacks as you move away! The orc hits you with a +0 club.
You die...

#....##..#.#.#.#.#.#.#.#.#.#.
#....##o#.#.#.#.#.#.#.#.#.#.#
#..o.##..#.#.#.#.#.#.#.#.#.#.
#....####.#o#.#.#.#)#.#.#.#.#
########.#.#.#.#.#.#.#.#.#.#.
#......#.#.#.#.#.#.#.#.#.#
#.....#.#.#.#.#.#.#.#.#.#.
#.....+#o#.#.#.#.#.#.#.#.#
###....o#.#@#.#.#.#.#.#.#.#.
#........#.#o#.#.#>#.#.#.#.#
#.......#.#.#.#.#.#.#.#.#.#.
#.......'#.#.#.#.#.#.#.#.#.#
#.......#######)####.......#
#.......# #.# #.#####.#
#######.### ###.# #.#####.#
#...###...####.#...#.#
#.#..##.#.#.##.#.#.#.#


You could see an orc priest and an orc.

Vanquished Creatures
  A jelly (D:4)
  An orc priest (D:4)
  An iron imp (D:3)
  An orc wizard (D:4)
  11 gnolls
  7 adders
  A dart slug (D:1)
  7 orcs
  3 endoplasms
  4 giant cockroaches
  7 goblins
  9 hobgoblins
  8 jackals
  2 quokkas (D:4)
  5 ball pythons
  3 bats
  2 frilled lizards (D:2)
  4 kobolds
  7 rats
84 creatures vanquished.

Notes
Turn   | Place    | Note
-------+----------+-------------------------------------------
     0 | D:1      | Twinkles the Vine Stalker Brigand began the quest for the
                  | Orb.
     0 | D:1      | Reached XP level 1. HP: 11/11 MP: 2/2
    68 | D:1      | Reached skill level 1 in Dodging
    68 | D:1      | Reached XP level 2. HP: 15/15 MP: 3/3
    76 | D:1      | Reached skill level 5 in Stealth
   507 | D:1      | Reached XP level 3. HP: 12/18 MP: 2/4
   812 | D:2      | HP: 3/18 [gnoll/+0 flail (7)]
   814 | D:2      | Gained mutation: Your natural rate of healing is unusually
                  | fast. [Vine Stalker growth]
   814 | D:2      | Reached XP level 4. HP: 4/23 MP: 2/5
  1037 | D:2      | Found an iron altar of Okawaru.
  1469 | D:3      | Reached XP level 5. HP: 27/27 MP: 6/6
  1569 | D:3      | Noticed a black bear
  1667 | D:3      | Identified the amulet of Ketumeumi {RegenMP Will+ Int+3
                  | SInv}
  1700 | D:3      | Found a snail-covered altar of Cheibriados.
  2400 | D:4      | Reached XP level 6. HP: 28/32 MP: 7/7
  2612 | D:4      | Found a staircase to the Ecumenical Temple.
  2650 | Temple   | Entered the Ecumenical Temple
  2728 | Temple   | Became a worshipper of Uskayaw the Reveller
  2833 | D:4      | Reached * piety under Uskayaw
  2834 | D:4      | Reached skill level 6 in Stealth
  3000 | D:4      | Reached ** piety under Uskayaw
  3008 | D:4      | Reached *** piety under Uskayaw
  3068 | D:4      | Found a radiant altar of Vehumet.
  3127 | D:4      | HP: 6/32 [acid (6)]
  3138 | D:4      | HP: 9/32 [orc/+0 club (4)]
  3143 | D:4      | HP: 6/32 [orc priest/+0 club (1)]
  3144 | D:4      | HP: 1/32 [orc priest/divine providence (6)]
  3145 | D:4      | Slain by an orc

Illustrated notes

Levels and vault maps discovered:
D:1:      co_arrival_square_in_a_square_in_a_square, layout_rooms,
          minmay_pentomino_u2
D:2:      layout_rooms, basic_altar
D:3:      layout_loops_cross, chei_slow_surprise
D:4:      layout_basic, amcnicky_altar_gilded, minmay_temple_entry_large_hall
Temple:   compressed_dpeg_circular_temple

Skill      XL: |  1  2  3  4  5  6 |
---------------+-------------------+-----
Dodging        | 1 2 |  2.3
Stealth        | 5 6 |  6.1
Short Blades   | 2 3 |  3.1
Fighting       | 2 3 |  3.1
Throwing       | 2 3 |  3.2
Invocations    | |  0.5

Action                   |  1- 3 |  4- 6 || total
-------------------------+-------+-------++-------
Melee: Dagger            |   113 |   133 ||   246
       Bite              |    36 |    39 ||    75
Throw: Dart              |     8 |    24 ||    32
  Use: Scroll            |       |     1 ||     1
 Stab: Sleeping          |     3 |    11 ||    14
       Distracted        |       |     1 ||     1
       Paralysed         |       |     1 ||     1
Armor: Robe              |    19 |    19 ||    38
Dodge: Dodged            |    43 |    58 ||   101
Block: Buckler           |    10 |    22 ||    32

Table legend: (Time is in decaauts)
 A = Elapsed time spent in this place.
 B = Non-inter-level travel time spent in this place.
 C = Inter-level travel time spent in this place.
 D = Time resting spent in this place.
 E = Time spent auto-exploring this place.
 F = Levels seen in this place.
 G = Mean time per level.
                   A        B        C        D        E       F      G
               +--------+--------+--------+--------+--------+-----+--------+
         Total |   3125 |   3013 |    112 |      0 |   2057 |   5 |  625.0 |
       Dungeon |   3035 |   2933 |    102 |      0 |   2001 |   4 |  758.8 |
        Temple |     89 |     79 |     10 |      0 |     56 |   1 |   89.0 |
               +--------+--------+--------+--------+--------+-----+--------+

Top non-repeatable levels by time:
     D:3: 911 daAuts
     D:2: 746 daAuts
     D:4: 717 daAuts
     D:1: 659 daAuts
  Temple: 89 daAuts
